 Dungeon Crawl Stone Soup version 0.31.0-4-g52a2dc7128 (webtiles) character file.

Game seed: 274033692275401628

1430 Sweeb the Poker (level 8, -6/73 (74) HPs)
             Began as a Naga Fighter on Jan 23, 2024.
             Was a Believer of Cheibriados.
             Mangled by a two-headed ogre
             ... wielding a +0 giant club
              (18 damage)
             ... on level 5 of the Dungeon.
             The game lasted 00:07:40 (5299 turns).

Sweeb the Poker (Naga Fighter)                      Turns: 5299, Time: 00:07:40

HP:   -6/73 (74)    AC: 13    Str: 23    XL:     8   Next: 73%
MP:   8/8           EV:  4    Int: 14    God:    Cheibriados [**....]
Gold: 342           SH:  6    Dex: 15    Spells: 7/7 levels left

rFire   . . .        a - +1 trident
rCold   . . .        c - +0 buckler
rNeg    . . .        m - +2 plate armour
rPois   +            l - +1 hat
rElec   .            (no cloak)
rCorr   .            q - +0 pair of gloves
SInv    +            (no barding)
Will    +....        (no amulet) Stlth
                     (no ring)
HPRegen 0.32/turn    (no ring)
MPRegen 0.11/turn

%: no passive effects
@: mighty, lightly drained, very slow
A: AC +2, large, see invisible, deformed body, poison resistance, slowness 2,
spit poison 1, naga tail 1
a: Spit Poison, Renounce Religion, Bend Time


You were on level 5 of the Dungeon.
You worshipped Cheibriados.
Cheibriados was pleased with you.
You visited 1 branch of the dungeon, and saw 5 of its levels.
You also visited: Ossuary.

You collected 342 gold pieces.

Inventory:

Hand Weapons
 a - a +1 trident (weapon)
Armour
 b - a +0 scale mail
 c - a +0 buckler (worn)
 l - a +1 hat (worn)
 m - a +2 plate armour (worn)
 o - a +1 scale mail of fire resistance
 q - a +0 pair of gloves (worn)
Jewellery
 v - an amulet of regeneration
Scrolls
 e - a scroll of revelation
 g - 3 scrolls of teleportation
 j - a scroll of poison
 r - a scroll of immolation
 w - a scroll of enchant weapon
Potions
 h - a potion of haste
 i - a potion of cancellation {unknown}
 k - 4 potions of attraction
 n - a potion of brilliance {unknown}
 p - 2 potions of lignification
 s - a potion of magic {unknown}
 t - a potion of experience {unknown}
 u - a potion of curing {unknown}
 x - a potion of enlightenment {unknown}


   Skills:
 + Level 5.0 Fighting
 * Level 6.4 Polearms
 + Level 4.1 Armour
 * Level 6.2 Shields


You had 7 spell levels left.
You didn't know any spells.
Your spell library contained the following spells:

 Spells                   Type           Power      Damage    Failure   Level
 Call Imp                 Summ           0%         N/A       100%        2
 Sublimation of Blood     Necr           0%         N/A       100%        2
 Summon Hydra             Summ           0%         N/A       100%        7


Dungeon Overview and Level Annotations

Branches:
Dungeon (5/15)             Temple (0/1) D:4         Ossuary (visited)

Altars:
Cheibriados
Makhleb
Nemelex Xobeh

Shops:
D:2 =


Innate Abilities, Weirdness & Mutations

Your serpentine skin is tough. (AC +2)
You have supernaturally acute eyesight. (SInv)
Armour fits poorly on your strangely shaped body.
Your system is resistant to poisons. (rPois)
You cover ground very slowly.
You can spit poison.
You have a snake-like lower body.


Message History

You hit the black bear.
The black bear is heavily wounded.
The black bear barely misses you. The black bear completely misses you.
The black bear claws you but does no damage.
You hit the black bear.
The black bear is severely wounded.
The black bear barely misses you. You block the black bear's attack.
The black bear claws you but does no damage.
You puncture the black bear!
You kill the black bear!
Cheibriados appreciates the change of pace.
No target in view!
A two-headed ogre comes into view. It is wielding two +0 giant clubs.
You see here a black bear corpse.
You closely miss the two-headed ogre.
The two-headed ogre hits you with a +0 giant club!!
The two-headed ogre hits you but does no damage.
You hit the two-headed ogre but do no damage.
The two-headed ogre hits you with a +0 giant club.
The two-headed ogre hits you with a +0 giant club!
* * * LOW HITPOINT WARNING * * *
You feel much better.
You feel much better.
The two-headed ogre hits you with a +0 giant club!!
The two-headed ogre hits you with a +0 giant club.
You feel very mighty all of a sudden.
The two-headed ogre hits you with a +0 giant club!
* * * LOW HITPOINT WARNING * * *
You block the two-headed ogre's attack.
You barely miss the two-headed ogre. You puncture the two-headed ogre!
The two-headed ogre is lightly wounded.
The two-headed ogre hits you with a +0 giant club.
* * * LOW HITPOINT WARNING * * *
You block the two-headed ogre's attack.
You hit the two-headed ogre.
The two-headed ogre is lightly wounded.
You block the two-headed ogre's attack.
The two-headed ogre hits you with a +0 giant club!!
You die...

#.....#..##.###.#######.##.##..#
#.....#..##.# #................#
.........##.# ######....##.###.#
.........##.# #.......##.# #.#
####..#####.# #.##.##.##.# #.##
#
#...#################.##.###...
# #...........#. #.......... #
#.<.####.#.##O## ####.......
###.### #.##.##@# #######. ....#
#.#..#..# #. ##### #.##)##.## #.
# #####..#†.#.)# #.
#......#.##.## #. #.####.##)##.#
#. #.# #.#.....# #. #.#
#†##########.# #. # #.#
#†...........# #.


You could see a two-headed ogre.

Vanquished Creatures
  Sigmund (D:3)
  Duvessa (D:5)
  2 black bears
  A weeping skull (Ossuary)
  2 wights (D:5)
  Dowan (D:5)
  A centaur zombie (Ossuary)
  4 human zombies (Ossuary)
  An orc priest (D:5)
  A hound (D:5)
  2 jellies
  2 iguanas
  2 sleepcaps
  Jessica (D:2)
  A gnoll bouda (D:5)
  An orc wizard (D:3)
  A crocodile zombie (Ossuary)
  2 hound zombies (Ossuary)
  3 mummies (Ossuary)
  Robin (D:3)
  5 adders
  3 gnolls (D:5)
  3 adder zombies (Ossuary)
  6 dart slugs
  13 orcs
  5 bats
  5 endoplasms
  16 giant cockroaches
  13 goblins
  10 hobgoblins
  3 jackals (D:5)
  4 quokkas
  7 ball pythons
  7 ball python zombies (Ossuary)
  3 frilled lizards
  5 jackal zombies (Ossuary)
  8 kobolds
  5 kobold zombies (Ossuary)
  2 orc zombies (Ossuary)
  5 rats
159 creatures vanquished.

Notes
Turn   | Place    | Note
-------+----------+-------------------------------------------
     0 | D:1      | Sweeb the Naga Fighter began the quest for the Orb.
     0 | D:1      | Reached XP level 1. HP: 21/21 MP: 1/1
   124 | D:1      | Reached XP level 2. HP: 26/28 MP: 2/2
   745 | D:2      | Reached XP level 3. HP: 28/34 MP: 3/3
  1007 | D:2      | Noticed Jessica
  1011 | D:2      | Killed Jessica
  1013 | D:2      | Reached XP level 4. HP: 40/42 MP: 4/4
  1489 | D:2      | Reached XP level 5. HP: 37/49 MP: 5/5
  1692 | D:2      | Found Zisebb's Jewellery Boutique.
  2114 | D:3      | Noticed Robin
  2164 | D:3      | Killed Robin
  2381 | D:3      | Reached XP level 6. HP: 29/57 MP: 6/6
  2607 | D:3      | Noticed Sigmund
  2625 | D:3      | Killed Sigmund
  2750 | D:3      | Found a faded altar of an unknown god.
  3067 | D:4      | Found a snail-covered altar of Cheibriados.
  3140 | D:4      | Reached XP level 7. HP: 64/64 MP: 7/7
  3210 | D:4      | Found a burning altar of Makhleb.
  3530 | D:4      | Found a staircase to the Ecumenical Temple.
  3932 | D:4      | Became a worshipper of Cheibriados the Contemplative
  3951 | D:5      | Entered Level 5 of the Dungeon
  4152 | D:5      | Found a sand-covered staircase.
  4174 | Ossuary  | Entered an ossuary
  4212 | Ossuary  | Reached skill level 5 in Polearms
  4212 | Ossuary  | Reached skill level 5 in Shields
  4265 | Ossuary  | Reached * piety under Cheibriados
  4512 | Ossuary  | Reached XP level 8. HP: 67/73 MP: 8/8
  4628 | D:5      | Noticed Duvessa
  4636 | D:5      | Noticed Dowan
  4643 | D:5      | Killed Duvessa
  4645 | D:5      | Killed Dowan
  4923 | D:5      | Found a sparkling altar of Nemelex Xobeh.
  4928 | D:5      | Reached ** piety under Cheibriados
  5285 | D:5      | Reached skill level 5 in Fighting
  5291 | D:5      | Noticed a two-headed ogre
  5299 | D:5      | Mangled by a two-headed ogre

Illustrated notes

Levels and vault maps discovered:
D:1:      denvon_arrival_waterhouse, layout_loops_ring, minmay_tetromino_o2
D:2:      layout_basic, serial_shops, nicolae_shop_advertising_works
          [nicolae_subvault_shop_adworks], minmay_divided_ellipse, uniq_jessica
D:3:      minmay_roachtagon, layout_basic,
          hellmonk_ecumenical_altar_pennies_from_heaven,
          small_statue_intersection, uniq_sigmund, uniq_robin
D:4:      layout_gridville, mainiacjoe_overflow_surrounded_room,
          mainiacjoe_overflow_concentric_impassable, minmay_temple_entry_ruins
D:5:      minmay_angry_zag, layout_loops_ring, lemuel_tele_altar,
          lemuel_coloured_pillars_altar, nicolae_ossuary_entry_ruins,
          item_on_display_a, uniq_duvessa, uniq_grinder

Skill      XL: |  1  2  3  4  5  6  7  8 |
---------------+-------------------------+-----
Shields        | 3 4 5 6 |  6.2
Polearms       | 3 4 5 6 |  6.4
Armour         | 3 4 |  4.1
Fighting       | 4 5 |  5.0

Action                     |  1- 3 |  4- 6 |  7- 9 || total
---------------------------+-------+-------+-------++-------
  Melee: Trident           |    78 |   265 |   333 ||   676
Ability: Spit Poison       |       |     3 |     4 ||     7
    Use: Scroll            |     5 |     8 |     3 ||    16
         Potion            |       |       |     3 ||     3
 Armour: Scale mail        |    45 |   178 |       ||   223
         Plate armour      |       |    15 |   375 ||   390
  Dodge: Dodged            |    23 |   116 |    72 ||   211
  Block: Buckler           |     9 |    53 |   106 ||   168
